 Dungeon Crawl Stone Soup version 0.31.0-11-ge490571c62 (webtiles) character file.

Game seed: 3995947402380865559

585 Rassilon the Insei (level 6, -8/51 HPs)
             Began as a Demigod Shapeshifter on Jan 29, 2024.
             Mangled by a small abomination (18 damage)
             ... on level 5 of the Dungeon.
             The game lasted 00:31:47 (3870 turns).

Rassilon the Insei (Demigod Shapeshifter)           Turns: 3870, Time: 00:31:48

Health: -8/51      AC:  2    Str: 17    XL:     6   Next: 91%
Magic:  10/10      EV: 13    Int: 16    God:
Gold:   218        SH:  0    Dex: 17    Spells: 4/7 levels left

rFire   . . .        a - +8 flail of the Eternal Warrior {flame, rC+ Str+2}
rCold   + . .        (no shield)
rNeg    . . .        A - +0 robe
rPois   .            (helmet currently unavailable)
rElec   .            (cloak currently unavailable)
rCorr   .            (gloves currently unavailable)
SInv    .            (boots currently unavailable)
Will    .....        (no amulet)
Stlth   +            (no ring)
HPRegen 0.00/turn    (no ring)
MPRegen 0.12/turn

%: no passive effects
@: confused, about to teleport, beast-form, ambrosia-drunk, sick
A: beast (slay +2), high MP 1, forlorn, divine attributes
a: Begin Untransformation


You were on level 5 of the Dungeon.
You were a hulking beast.
You visited 1 branch of the dungeon, and saw 5 of its levels.

You collected 218 gold pieces.

Inventory:

Hand Weapons
 a - the +8 flail of the Eternal Warrior (weapon) {flame, rC+ Str+2}
   (You found it on level 5 of the Dungeon)

   Str+2:     It affects your strength (+2).
   rC+:       It protects you from cold.
Armour
 g - a +0 pair of gloves
 s - a +0 pair of boots
 A - a +0 robe (worn)
Talismans
 c - a beast talisman
 d - a flux talisman
Wands
 b - a wand of light (3)
 r - a wand of flame (34)
 w - a wand of iceblast (3)
 x - a wand of polymorph (4)
 B - a wand of paralysis (19)
Scrolls
 i - a scroll of revelation {unknown}
 l - a scroll of silence {unknown}
 n - a scroll of acquirement {unknown}
 o - a scroll of poison
 p - 2 scrolls of brand weapon
 q - a scroll of fear {unknown}
 v - a scroll of amnesia {unknown}
 y - a scroll of enchant weapon {unknown}
 z - a scroll of immolation {unknown}
 D - a scroll of enchant armour {unknown}
Potions
 e - a potion of might
 h - 8 potions of curing
 k - a potion of haste
 m - a potion of mutation {unknown}
 t - a potion of magic {unknown}
 u - 2 potions of degeneration {unknown}
 C - a potion of enlightenment {unknown}


   Skills:
 + Level 3.4 Fighting
 + Level 3.6 Dodging
 - Level 4.4 Unarmed Combat
 + Level 1.1 Spellcasting
 + Level 4.0 Shapeshifting


You had 4 spell levels left.
You knew the following spells:

 Your Spells              Type           Power      Damage    Failure   Level
a - Confusing Touch       Hex            0%         N/A       56%         3

Your spell library contained the following spells:

 Spells                   Type           Power      Damage    Failure   Level
 Foxfire                  Conj/Fire      0%         2x1d4     22%         1
 Slow                     Hex            0%         N/A       22%         1
 Sting                    Conj/Alch      0%         1d3       22%         1
 Mercury Vapours          Alch/Air       0%         N/A       34%         2
 Sigil of Binding         Hex            0%         N/A       56%         3
 Vampiric Draining        Necr           0%         2d6       56%         3
 Olgreb's Toxic Radiance  Alch           0%         N/A       92%         4
 Plasma Beam              Fire/Air       0%         2x1d10    100%        6
 Starburst                Conj/Fire      0%         6d3       100%        6


Dungeon Overview and Level Annotations

Branches:
Dungeon (5/15)             Temple (0/1) D:5

Shops:
D:1 (

Portals:
Abyss: D:5

Annotations:
D:5 1 transporter, browni3141's ghost, novice MiFi


Innate Abilities, Weirdness & Mutations

You are a hulking beast.
Your limbs bulge with bestial killing power. (Slay +2)
You have an increased reservoir of magic. (+10% MP)
You shall have no god before yourself.
Your divine heritage dramatically boosts your attributes as you level up.


Message History

The ancient zyme enters a dispersal trap!
The kobold blinks!
Browni3141's ghost blinks!
The small abomination blinks!
The kobold blinks!
You blink.
You enter a dispersal trap!
The kobold blinks!
The small abomination blinks! x2; The crimson imp blinks!
Browni3141's ghost blinks!
The small abomination blinks!
You blink.
The ancient zyme blinks!
The small abomination enters a dispersal trap!
Browni3141's ghost blinks!
You blink.
You enter a dispersal trap!
The small abomination blinks!
The crimson imp blinks!
The small abomination blinks!
Browni3141's ghost blinks!
You blink.
The small abomination enters a dispersal trap!
The crimson imp blinks!
The crimson imp enters a dispersal trap!
The kobold blinks!
The small abomination blinks!
You blink.
Browni3141's ghost blinks! x2; Browni3141's ghost misses you.
You miss browni3141's ghost. Browni3141's ghost hits you.
You sock browni3141's ghost! You burn browni3141's ghost.
Browni3141's ghost is lightly damaged.
The kobold hits you with a +0 dagger of distortion.
Browni3141's ghost mumbles, "They all look like pillowcases to me..."
Browni3141's ghost barely misses you.
Browni3141's ghost hits you but does no damage.
The kobold hits you with a +0 dagger of distortion.
Space warps around you.
You sock the kobold! You burn the kobold.
You kill the kobold!
Browni3141's ghost hits you!
* * * LOW HITPOINT WARNING * * *
You feel yourself growing ill in the presence of the ancient zyme.
Unknown command.
Okay, then.
As you read the scroll of teleportation, it crumbles to dust.
You feel strangely unstable. Browni3141's ghost hits you!
* * * LOW HITPOINT WARNING * * *
The crimson imp blinks!
You are confused.
You feel invigorated. Browni3141's ghost hits you.
* * * LOW HITPOINT WARNING * * *
You feel ill. The small abomination hits you!!
You die...

..#..........#
..#..........#
..#..........##########
..#...................#
..#..........####.###.#
........(.............#
......................#
....####.......###....#
....#.!###...###h##...#
+...##...##©.#.Wx.#...#
.....#.##.####.)x##...#
....##?. #...§#.##....#
...##K#.###..^.##.....#
...#x..##..x.^©#......#
...##.#5.###...###....#
....##..##©###..§##..##
....##..#....##.#.#..#


You could see an ancient zyme, 2 small abominations and browni3141's ghost.

Vanquished Creatures
  A black bear (D:5)
  A scorpion (D:5)
  A bombardier beetle (D:5)
  2 hounds
  An orc priest (D:3)
  Jessica (D:3)
  Natasha (thrice) (D:3)
  2 iguanas
  An orc wizard (D:3)
  6 adders
  A ribbon worm (D:2)
  7 orcs
  5 ball pythons
  2 bats
  3 endoplasms
  2 giant cockroaches
  7 goblins
  4 hobgoblins
  2 jackals (D:1)
  6 quokkas
  3 frilled lizards
  8 kobolds
  4 rats
73 creatures vanquished.

Notes
Turn   | Place    | Note
-------+----------+-------------------------------------------
     0 | D:1      | Rassilon the Demigod Shapeshifter began the quest for the
                  | Orb.
     0 | D:1      | Reached XP level 1. HP: 15/15 MP: 3/3
    55 | D:1      | Reached skill level 1 in Fighting
   186 | D:1      | Reached XP level 2. HP: 20/23 MP: 4/4
   235 | D:1      | Found Kaunk's Antique Weapon Shoppe.
   663 | D:2      | Reached XP level 3. HP: 24/29 MP: 5/5
  1362 | D:3      | Noticed Jessica
  1371 | D:3      | Killed Jessica
  1372 | D:3      | Reached XP level 4. HP: 31/36 MP: 6/6
  1415 | D:3      | Noticed a sky beast
  1551 | D:3      | Noticed Natasha
  1576 | D:3      | Killed Natasha
  1588 | D:3      | Reached XP level 5. HP: 11/42 MP: 7/7
  2566 | D:4      | Learned a level 3 spell: Confusing Touch
  2680 | D:3      | Noticed Natasha
  2687 | D:3      | Killed Natasha
  2770 | D:3      | Noticed Natasha
  2775 | D:3      | Killed Natasha
  3067 | D:5      | Entered Level 5 of the Dungeon
  3070 | D:5      | Found a transporter.
  3074 | D:5      | Found a one-way gate to the infinite horrors of the Abyss.
  3074 | D:5      | Found a transporter.
  3074 | D:5      | Noticed a small abomination
  3074 | D:5      | Noticed browni3141's ghost (novice MiFi)
  3096 | D:5      | Noticed an ancient zyme
  3108 | D:5      | Noticed a small abomination
  3154 | D:5      | Found a staircase to the Ecumenical Temple.
  3158 | D:5      | Reached XP level 6. HP: 51/51 MP: 8/8
  3236 | D:5      | Identified the +8 flail of the Eternal Warrior {flame, rC+
                  | Str+2}
  3348 | D:5      | Reached skill level 1 in Spellcasting
  3870 | D:5      | Mangled by a small abomination

Illustrated notes

Levels and vault maps discovered:
D:1:      ldierk_walled_garden, layout_rooms,
          ebering_ecumenical_altar_sacrificial, serial_shops, shop
D:2:      layout_basic
D:3:      layout_rooms, lightli_corner_chamber, uniq_jessica, uniq_natasha
D:4:      layout_loops_cross
D:5:      layout_gridville, mainiacjoe_overflow_divided_tiny,
          minmay_temple_entry_ruins, gammafunk_ghost_abyssal_escape,
          corexii_shack, st_stairs_11, chequers_garden,
          nicolae_figureground_pulse

Skill      XL: |  1  2  3  4  5  6 |
---------------+-------------------+-----
Fighting       | 1 2 3 |  3.4
Dodging        | 2 3 |  3.6
Shapeshifting  | 3 4 |  4.0
Unarmed Combat | 3 4 |  4.4
Spellcasting   | 1 |  1.1

Action                     |  1- 3 |  4- 6 || total
---------------------------+-------+-------++-------
  Melee: Unarmed           |   121 |   104 ||   225
         Punch             |     2 |     3 ||     5
         Flail             |       |    26 ||    26
   Cast: Confusing Touch   |       |     1 ||     1
  Evoke: Wand              |       |    16 ||    16
    Use: Scroll            |     6 |     3 ||     9
         Potion            |       |     4 ||     4
   Stab: Paralysed         |       |     3 ||     3
 Armour: Animal skin       |    54 |    44 ||    98
         Skin              |       |    13 ||    13
         Robe              |       |    22 ||    22
  Dodge: Dodged            |    66 |    83 ||   149
